 Dungeon Crawl Stone Soup version 0.20-a0-795-ga03948b (webtiles) character file.

1670 George the Cleaver (level 9, -9/78 HPs)
             Began as a Hill Orc Fighter on Mar 1, 2017.
             Was a Believer of Qazlal.
             Mangled by a two-headed ogre
             ... wielding a +0 giant spiked club
              (20 damage)
             ... on level 7 of the Dungeon.
             The game lasted 00:11:46 (6164 turns).

George the Cleaver (Hill Orc Fighter)               Turns: 6164, Time: 00:11:46

Health: -9/78      AC: 14    Str: 29    XL:     9   Next: 1%
Magic:  13/13      EV:  6    Int:  8    God:    Qazlal [**....]
Gold:   376        SH: 12    Dex: 10    Spells: 8/8 levels left

rFire    . . .     SeeInvis .   a - +0 war axe
rCold    . . .     Gourm    +   r - +0 chain mail
rNeg     + . .     Faith    .   c - +0 shield
rPois    .         Spirit   .   p - +1 helmet
rElec    .         Reflect  .   (no cloak)
rCorr    .         Harm     .   u - +0 pair of gloves
MR       .....                  B - +0 pair of boots of the Original Sin {rN+ Str+2}
Stlth    ..........             y - amulet of the gourmand
Regen    0.3/turn               (no ring)
MPRegen  0.2/turn               b - ring of loudness (curse)

@: mighty
A: no striking features
a: Upheaval, Renounce Religion


You were on level 7 of the Dungeon.
You worshipped Qazlal.
Qazlal was pleased with you.
You were not hungry.

You visited 1 branch of the dungeon, and saw 7 of its levels.

You collected 376 gold pieces.

Inventory:

Hand Weapons
 a - a +0 war axe (weapon)
 v - a +0 morningstar
Armour
 c - a +0 shield (worn)
 p - a +1 helmet (worn)
 r - a +0 chain mail (worn)
 u - a +0 pair of gloves (worn)
 B - the +0 pair of boots of the Original Sin (worn) {rN+ Str+2}
   (You found it on level 6 of the Dungeon)

   It affects your strength (+2).
   It protects you from negative energy.
Jewellery
 b - a cursed ring of loudness (left hand)
 y - an amulet of the gourmand (around neck)
Wands
 o - a wand of flame (20/48)
 w - a wand of flame (29/48)
Scrolls
 g - 3 scrolls of remove curse {unknown}
 k - 3 scrolls of immolation {unknown}
 l - 3 scrolls of fog {unknown}
 n - a scroll of recharging {unknown}
 t - 3 scrolls of enchant armour {unknown}
 D - a scroll of magic mapping {unknown}
 F - a scroll of fear {unknown}
Potions
 e - 2 potions of resistance {unknown}
 i - a potion of magic
 j - 5 potions of agility
 m - 2 potions of heal wounds
 q - a potion of flight
 x - 2 potions of curing
 z - a potion of haste
 A - a potion of lignification {unknown}
 C - a potion of mutation {unknown}
 E - a potion of cancellation {unknown}
Comestibles
 f - 4 bread rations
 h - 4 meat rations


   Skills:
 + Level 6.8 Fighting
 + Level 10.2 Axes
 + Level 5.9 Armour
 - Level 3.2 Shields
 + Level 5.8 Invocations


You had 8 spell levels left.
You didn't know any spells.

Dungeon Overview and Level Annotations

Branches:
Dungeon (7/15)
 Temple: D:4-7

Altars:
Elyvilon
Fedhas
Makhleb
Qazlal
Uskayaw
Xom

Shops:
D:5 (

Annotations:
D:7 Pikel


Message History

You hit the slave but do no damage. You block the slave's attack.
You block Pikel's attack.
You hit Pikel but do no damage.
Pikel is severely wounded.
You hit the slave but do no damage. You block the slave's attack.
You block Pikel's attack.
You barely miss Pikel.
Pikel is severely wounded.
You hit the slave.
You kill the slave!
That felt strangely unrewarding.
You block Pikel's attack.
You feel very mighty all of a sudden.
The two-headed ogre hits you with a giant spiked club!
* * * LOW HITPOINT WARNING * * *
The two-headed ogre hits you but does no damage.
You hit the two-headed ogre.
The two-headed ogre is lightly wounded.
You block the two-headed ogre's attack.
The two-headed ogre hits you with a giant spiked club!!
You die...

.## #.....#.# ..####
##..#....#
....<###........
####..........#
......#......#####.
####...............
#.##..........#
#..##..†.####.#
##.##.[#[.###@#
#...†###..##O##
#.........##K.#
#..........##.#####.#
#........#[.#........
#........##......####
##################


You could see a two-headed ogre and Pikel.

Vanquished Creatures
  Sigmund (D:5)
  2 ice beasts
  4 slaves (D:7)
  A sky beast (D:6)
  2 ogres
  Blork the orc (D:5)
  A big kobold (D:6)
  2 scorpions
  A crimson imp (D:5)
  A howler monkey (D:4)
  A centaur zombie (D:5)
  A gnoll shaman (D:5)
  3 hounds
  An orc priest (D:4)
  A jelly (D:4)
  An iguana (D:6)
  5 orc wizards
  A worker ant (D:7)
  A killer bee zombie (D:6)
  A hound zombie (D:5)
  A hound skeleton (D:6)
  A worker ant zombie (D:6)
  Robin (D:3)
  12 gnolls
  7 adders
  An adder skeleton (D:4)
  3 worms
  2 dart slugs
  7 leopard geckos
  12 orcs
  4 ball pythons
  9 giant cockroaches
  12 goblins
  4 hobgoblins
  6 jackals
  11 kobolds
  2 quokkas
  8 bats
  5 frilled lizards
  A giant cockroach zombie (D:5)
  A quokka skeleton (D:4)
  5 rats
147 creatures vanquished.

Notes
Turn   | Place    | Note
-------+----------+-------------------------------------------
     0 | D:1      | George the Hill Orc Fighter began the quest for the Orb.
     0 | D:1      | Reached XP level 1. HP: 19/19 MP: 1/1
   108 | D:1      | Reached skill level 3 in Axes
   289 | D:1      | Reached XP level 2. HP: 25/26 MP: 2/2
   326 | D:1      | Reached skill level 4 in Axes
   701 | D:1      | Reached XP level 3. HP: 31/31 MP: 3/3
   751 | D:1      | You fall through a shaft!
  1210 | D:2      | Reached skill level 5 in Axes
  1514 | D:2      | Reached XP level 4. HP: 31/39 MP: 4/4
  1954 | D:3      | Noticed Robin
  1966 | D:2      | Reached skill level 6 in Axes
  2118 | D:3      | Reached XP level 5. HP: 35/45 MP: 5/5
  2118 | D:3      | Killed Robin
  2118 | D:3      | Reached skill level 7 in Axes
  2729 | D:4      | Reached skill level 8 in Axes
  2776 | D:4      | Reached XP level 6. HP: 51/51 MP: 6/6
  2869 | D:4      | Found a blossoming altar of Fedhas.
  2869 | D:4      | Found a stormy altar of Qazlal.
  2899 | D:4      | Became a worshipper of Qazlal Stormbringer
  2941 | D:4      | Found a shimmering altar of Xom.
  2979 | D:4      | Reached skill level 1 in Invocations
  3117 | D:4      | Noticed an ice beast
  3134 | D:4      | Killed an ice beast
  3134 | D:4      | Reached XP level 7. HP: 31/60 MP: 6/8
  4101 | D:4      | Reached * piety under Qazlal
  4250 | D:5      | Entered Level 5 of the Dungeon
  4260 | D:5      | Noticed Sigmund
  4265 | D:5      | Reached skill level 5 in Fighting
  4265 | D:5      | Reached skill level 9 in Axes
  4470 | D:4      | Reached XP level 8. HP: 65/68 MP: 10/10
  4492 | D:5      | Killed Sigmund
  4514 | D:5      | Noticed Blork the orc
  4516 | D:5      | Found a white marble altar of Elyvilon.
  4521 | D:5      | Killed Blork the orc
  4521 | D:5      | Reached skill level 5 in Armour
  4705 | D:5      | Found Jasigavu's Antique Weapon Boutique.
  5152 | D:6      | Reached skill level 5 in Invocations
  5250 | D:6      | Reached ** piety under Qazlal
  5250 | D:6      | Reached skill level 10 in Axes
  5572 | D:6      | Got a pair of shimmering boots
  5578 | D:6      | Identified the +0 pair of boots of the Original Sin {rN+ Str+2} (You found it on level 6 of the Dungeon)
  5784 | D:6      | Found a burning altar of Makhleb.
  6040 | D:7      | Found a hide-covered altar of Uskayaw.
  6040 | D:7      | Noticed a hand axe
  6041 | D:7      | Noticed a dagger
  6091 | D:7      | Noticed Pikel
  6101 | D:7      | Reached XP level 9. HP: 61/78 MP: 13/13
  6123 | D:7      | Noticed a two-headed ogre
  6164 | D:7      | Mangled by a two-headed ogre

Vault maps used:
D:1:      lightli_arrival_farm, minmay_misc_feat_five
D:2:      serial_curves, eino_curves_04, eino_curves_03, eino_curves_04
D:3:      uniq_robin
D:4:      grunt_temple_overflow_forces_of_nature, xom_teletrap_fun, first_bread
D:5:      nicolae_overflow_crystal_walls, serial_shops,
          nicolae_shop_window_shopping, uniq_blork_the_orc, uniq_sigmund
D:6:      kennysheep_mini_moat, grunt_ministairs_13, minmay_unpleasant_kobolds
D:7:      dancing_weapons_uskayaw, temple_hall, kennysheep_generic_room_4,
          uniq_pikel

Skill      XL: |  1  2  3  4  5  6  7  8 |
---------------+-------------------------+-----
Axes           | 3 4 5 6 8 9 10 | 10.2
Invocations    | 1 3 5 |  5.8
Fighting       | 4 5 6 |  6.8
Armour         | 4 5 |  5.9
Shields        | |  3.2

Action                   |  1- 3 |  4- 6 |  7- 9 || total
-------------------------+-------+-------+-------++-------
Melee: War axe           |   127 |   171 |   285 ||   583
 Abil: Evoke Berserk Rag |       |     1 |     3 ||     4
  Use: Scroll            |       |       |     7 ||     7
       Potion            |       |       |     1 ||     1
  Eat: Chunk             |     2 |     6 |    11 ||    19
       Royal jelly       |       |       |     1 ||     1
Armor: Scale mail        |    55 |    56 |       ||   111
       Chain mail        |       |    32 |   187 ||   219
Dodge: Dodged            |    36 |    49 |    65 ||   150
Block: Shield            |    78 |    80 |   160 ||   318
